 Dungeon Crawl Stone Soup version 0.27.1-34-g3ba077fa99 (webtiles) character file.

Game seed: 3524178028059784075

1465 Delamore the Covert (level 8, -4/50 HPs)
             Began as an Octopode Brigand on Feb 7, 2022.
             Was an Initiate of Gozag.
             Killed themself with a badly aimed iceblast (16 damage)
             ... on level 6 of the Dungeon.
             The game lasted 00:06:40 (5804 turns).

Delamore the Covert (Octopode Brigand)              Turns: 5804, Time: 00:06:41

Health: -4/50      AC:  5    Str:  9 (11) XL:     8   Next: 77%
Magic:  0/8        EV: 12    Int: 12 (13) God:    Gozag
Gold:   320        SH:  5    Dex: 14 (15) Spells: 7/7 levels left

rFire    . . .     SeeInvis .   a - +2 dagger
rCold    . . .     Faith    .   z - +0 buckler {rPois}
rNeg     . . .     Spirit   +   (helmet restricted)
rPois    +         Reflect  .   q - amulet of guardian spirit
rElec    .         Harm     .   t - +4 ring of protection
rCorr    .         Rampage  .   (no ring)
Will     .....                  (no ring)
Stlth    +++++.....             (no ring)
HPRegen  0.16/turn              (no ring)
MPRegen  0.11/turn              (no ring)
                                (no ring)
                                (no ring)

@: gold aura
A: almost no armour, amphibious, 8 rings, camouflage 1, gelatinous body 1,
(nimble swimmer 1), tentacles
a: Renounce Religion, Potion Petition, Call Merchant, Bribe Branch


You were on level 6 of the Dungeon.
You worshipped Gozag.
Gozag was aware of your devotion.
You visited 2 branches of the dungeon, and saw 7 of its levels.

You collected 356 gold pieces.
You paid 36 gold pieces to Gozag.

Inventory:

Hand Weapons
 a - a +2 dagger (weapon)
Missiles
 b - 5 poisoned darts (quivered)
 c - a curare-tipped dart
Armour
 z - a +0 buckler of poison resistance (worn)
Jewellery
 q - an amulet of guardian spirit (around mantle)
 t - a +4 ring of protection (left tentacle)
Wands
 o - a wand of acid (5)
 x - a wand of polymorph (9)
 A - a wand of iceblast (11)
Scrolls
 h - a scroll of enchant armour
 j - a scroll of silence
 k - 2 scrolls of vulnerability {unknown}
 l - a scroll of amnesia {unknown}
 m - 2 scrolls of enchant weapon {unknown}
 r - 2 scrolls of teleportation {unknown}
 u - 3 scrolls of fog {unknown}
 w - a scroll of holy word {unknown}
 y - a scroll of summoning
 B - a scroll of acquirement {unknown}
Potions
 d - a potion of mutation {unknown}
 e - a potion of attraction {unknown}
 f - a potion of heal wounds {unknown}
 g - a potion of magic {unknown}
 i - a potion of ambrosia {unknown}
 n - a potion of lignification {unknown}
 p - 2 potions of brilliance {unknown}
 v - 2 potions of degeneration


   Skills:
 - Level 2.0 Fighting
 * Level 6.3 Short Blades
 - Level 4.0 Throwing
 - Level 1.0 Dodging
 - Level 10.0 Stealth
 + Level 3.1 Shields
 - Level 4.0 Evocations


You had 7 spell levels left.
You didn't know any spells.
Your spell library contained the following spells:

 Spells                   Type           Power      Damage    Failure   Level
 Magic Dart               Conj           0%         1d3       36%         1
 Pain                     Necr           0%         1d4       36%         1
 Summon Small Mammal      Summ           0%         N/A       36%         1
 Call Imp                 Summ           0%         N/A       50%         2
 Corpse Rot               Necr/Air       N/A        N/A       50%         2
 Poisonous Vapours        Pois/Air       0%         N/A       50%         2
 Sublimation of Blood     Necr           0%         N/A       50%         2
 Call Canine Familiar     Summ           0%         N/A       73%         3
 Conjure Flame            Conj/Fire      0%         6-21      73%         3
 Frozen Ramparts          Ice            0%         1d2       73%         3
 Ignite Poison            Fire/Tmut/Pois 0%         N/A       73%         3
 Mephitic Cloud           Conj/Pois/Air  0%         N/A       73%         3
 Summon Guardian Golem    Hex/Summ       0%         N/A       73%         3
 Tukima's Dance           Hex            0%         N/A       73%         3
 Dispel Undead            Necr           0%         3d6       98%         4
 Ice Form                 Ice/Tmut       0%         N/A       98%         4
 Passage of Golubria      Tloc           N/A        N/A       98%         4
 Petrify                  Tmut/Erth      0%         N/A       98%         4
 Sticky Flame             Conj/Fire      0%         2d3       98%         4
 Summon Ice Beast         Ice/Summ       0%         N/A       98%         4
 Agony                    Necr           0%         N/A       100%        5
 Excruciating Wounds      Necr           0%         N/A       100%        5
 Freezing Cloud           Conj/Ice/Air   0%         6-21      100%        5
 Irradiate                Conj/Tmut      0%         3d13      100%        5
 Yara's Violent Unravell  Hex/Tmut       0%         3d3       100%        5
 Death Channel            Necr           0%         N/A       100%        6


Dungeon Overview and Level Annotations

Branches:
Dungeon (6/15)             Temple (1/1) D:4

Altars:
Ashenzari
Cheibriados
Dithmenos
Fedhas
Gozag
Hepliaklqana
Kikubaaqudgha
Nemelex Xobeh
Okawaru
Ru
Sif Muna
Trog
Uskayaw
Yredelemnul
The Shining One

Shops:
D:5 =


Innate Abilities, Weirdness & Mutations

You cannot wear most types of armour.
You are amphibious.
You can wear up to eight rings at the same time.
Your skin changes colour to match your surroundings (Stealth+).
Your rubbery body absorbs attacks. (AC +1, EV +1)
((You are camouflaged near water. (Stealth+)))
You have tentacles for arms and can constrict up to eight enemies at once.


Message History

You closely miss the adder. You grab the adder. You squeeze the adder.
The adder is heavily wounded.
You constrict the adder. Something hits you. You block the adder's attack.
Something hits you.
You hit the adder. You squeeze the adder.
You kill the adder!
Something completely misses you.
No target in view!
Something hits you! Something hits you! Something hits you but does no damage.
Something hits you. Something hits you! Something hits you but does no damage.
Something hits you! Something hits you!
* * * LOW HITPOINT WARNING * * *
It was a potion of degeneration.
There was something very wrong with that liquid.
You feel weakened.
You feel dopey.
You feel clumsy.
It was a potion of curing.
You feel better.
You swing at nothing.
You swing at nothing.
You swing at nothing.
You swing at nothing.
You swing at nothing.
Aiming: Iceblast
Press: ? - help, Shift-Dir - straight line The mass of ice explodes!
The iceblast engulfs something!!
Something hits you but does no damage.
Aiming: Iceblast
Press: ? - help, Shift-Dir - straight line The mass of ice explodes!
The iceblast engulfs something!
Something hits you. Something hits you!
* * * LOW HITPOINT WARNING * * *
Aiming: Iceblast
Press: ? - help, Shift-Dir - straight line The mass of ice explodes!
The iceblast engulfs something!
You feel a bit more experienced. The iceblast engulfs you!
You die...
Your body crumbles into a pile of gold.

.#....##.# #........#
.#....##.# #........#
.##....#.# #........# .#
.##.##.#.# #........# .#
.#....<#.#####........###.#####
.#..##.#.....###'######........
.+.....#.....# #.# #........
.#..####.....# #.# #........
.#..## #.....# #@# #.$......
.##..###.....###$######........
.#............##.....).........
.###.###......####........^....
.#............# #.............
.####.#.......# #.............
.#............# #.............
.#####...####.# #.....########
.# #...# #.# #.....#


There were no monsters in sight!

Vanquished Creatures
  An unseen horror (D:6)
  Grinder (D:3)
  2 yaks
  A black bear (D:4)
  An orc warrior (D:6)
  An ice beast (D:6)
  3 scorpions
  A howler monkey (D:4)
  A hound (D:6)
  An orc priest (D:6)
  Jessica (D:2)
  2 iguanas
  Natasha (thrice) (D:2)
  A killer bee zombie (D:6)
  A hound skeleton (D:5)
  8 gnolls
  7 adders
  A shadow imp (D:6)
  2 worms
  4 dart slugs
  4 orcs
  9 ball pythons
  4 bats
  7 endoplasms
  3 giant cockroaches
  2 goblins
  6 hobgoblins
  3 jackals (D:4)
  8 kobolds
  3 quokkas
  6 frilled lizards
  6 rats
104 creatures vanquished.

Notes
Turn   | Place    | Note
-------+----------+-------------------------------------------
     0 | D:1      | Delamore the Octopode Brigand began the quest for the Orb.
     0 | D:1      | Reached XP level 1. HP: 14/14 MP: 1/1
    97 | D:1      | Reached XP level 2. HP: 19/19 MP: 2/2
   249 | D:1      | Reached skill level 6 in Stealth
   400 | D:1      | Found a faded altar of an unknown god.
   730 | D:2      | Noticed Jessica
   733 | D:2      | Killed Jessica
   734 | D:2      | Reached XP level 3. HP: 24/24 MP: 3/3
  1193 | D:2      | Noticed Natasha
  1199 | D:2      | Reached XP level 4. HP: 21/29 MP: 4/4
  1214 | D:2      | Killed Natasha
  1215 | D:2      | Reached skill level 7 in Stealth
  1646 | D:2      | Noticed Natasha
  1653 | D:2      | Killed Natasha
  1824 | D:2      | Noticed Natasha
  1831 | D:2      | Killed Natasha
  1832 | D:2      | Reached XP level 5. HP: 22/34 MP: 5/5
  2129 | D:2      | Reached skill level 8 in Stealth
  2636 | D:3      | Noticed Grinder
  2637 | D:3      | Found a sacrificial altar of Ru.
  2646 | D:3      | Killed Grinder
  2647 | D:3      | Reached skill level 9 in Stealth
  2647 | D:3      | Reached XP level 6. HP: 39/39 MP: 6/6
  3760 | D:4      | Found an ancient bone altar of Kikubaaqudgha.
  3902 | D:4      | Reached XP level 7. HP: 45/45 MP: 7/7
  4051 | D:4      | Reached skill level 1 in Evocations
  4080 | D:4      | Found a staircase to the Ecumenical Temple.
  4093 | Temple   | Entered the Ecumenical Temple
  4101 | Temple   | Became a worshipper of Gozag Ym Sagoz the Greedy
  4183 | D:4      | Found a blossoming altar of Fedhas.
  4190 | D:4      | Found a hazy altar of Hepliaklqana.
  4216 | D:4      | Found a shadowy altar of Dithmenos.
  4240 | D:5      | Entered Level 5 of the Dungeon
  4550 | D:5      | Reached skill level 10 in Stealth
  4672 | D:5      | Found Vuxtush's Jewellery Shop.
  5318 | D:6      | Reached skill level 5 in Short Blades
  5318 | D:6      | Reached skill level 1 in Shields
  5318 | D:6      | Reached XP level 8. HP: 50/50 MP: 8/8
  5362 | D:6      | Noticed a yak
  5363 | D:6      | Noticed a yak
  5382 | D:6      | Killed a yak
  5431 | D:6      | Noticed a yak
  5431 | D:6      | Noticed a yak
  5499 | D:5      | Killed a yak
  5804 | D:6      | Killed an unseen horror
  5804 | D:6      | Killed themself with a badly aimed iceblast

Illustrated notes

Levels and vault maps discovered:
D:1:      amcnicky_arrival_blooded_trapdoor, layout_rooms,
          dreamdust_ecumenical_altar_angels_and_demons, serial_bayou_lagoon_b
D:2:      minmay_chambers_of_ones, layout_basic, chequers_jeans, uniq_jessica,
          uniq_natasha
D:3:      layout_basic, hangedman_ru_absence, serial_glass, glass_columns_b,
          glass_columns_a, uniq_grinder
D:4:      layout_basic, old_standard_altar, minmay_overflow_temple_star_quad,
          minmay_temple_entry_offerings, minmay_misc_feat_tiny
D:5:      layout_rooms, serial_shops,
          nicolae_shop_temple_entry_statues_fountains
D:6:      layout_basic, hangedman_minor_gate_pass
Temple:   eino_temple_lava

Skill      XL: |  1  2  3  4  5  6  7  8 |
---------------+-------------------------+-----
Stealth        | 6 7 9 10 | 10.0
Short Blades   | 3 4 5 6 |  6.3
Throwing       | 3 4 |  4.0
Evocations     | 2 4 |  4.0
Shields        | 1 3 |  3.1
Fighting       | |  2.0
Dodging        | |  1.0

Action                   |  1- 3 |  4- 6 |  7- 9 || total
-------------------------+-------+-------+-------++-------
Melee: Dagger            |    42 |    83 |   103 ||   228
       Constrict         |    13 |    19 |    18 ||    50
       Tentacles         |     4 |    15 |    22 ||    41
Throw: Dart              |     1 |     5 |    28 ||    34
Evoke: Wand              |       |       |     2 ||     2
  Use: Scroll            |     2 |     1 |     1 ||     4
       Potion            |       |       |     2 ||     2
 Stab: Sleeping          |    10 |    22 |     7 ||    39
       Distracted        |       |     1 |     1 ||     2
Armor: Skin              |     5 |     1 |    18 ||    24
Dodge: Dodged            |    20 |    24 |    55 ||    99
Block: Buckler           |       |       |     2 ||     2
